 Dungeon Crawl Stone Soup version 0.28-a0-317-g21599a725c (webtiles) character file.

Game seed: 18057443840630722133

4130 Nixze the Thaumaturge (level 10, -14/56 HPs)
             Began as a Deep Elf Air Elementalist on Sept 1, 2021.
             Was a Believer of Vehumet.
             Killed by the air
             ... invoked by Gastronok
              (35 damage)
             ... on level 8 of the Dungeon.
             The game lasted 00:33:53 (9939 turns).

Nixze the Thaumaturge (Deep Elf Air Elementalist)   Turns: 9939, Time: 00:33:54

Health: -14/56     AC:  9    Str:  6    XL:     10   Next: 6%
Magic:  5/35       EV: 14    Int: 23    God:    Vehumet [**....]
Gold:   477        SH:  0    Dex: 15    Spells: 14/29 levels left

rFire   . . .      SeeInvis .   I - staff of conjuration
rCold   . . .      Faith    .   (no shield)
rNeg    . . .      Spirit   .   d - +0 leather armour
rPois   .          Reflect  .   J - +0 helmet
rElec   .          Harm     .   v - +0 cloak
rCorr   .          Rampage  .   q - +0 pair of gloves
Will    +....                   h - +2 pair of boots
Stlth   ++........              g - amulet of magic regeneration
HPRegen 0.18/turn               b - ring of magical power
MPRegen 0.49/turn               n - ring of wizardry

@: swift, slowed, slow
A: no striking features
a: Renounce Religion


You were on level 8 of the Dungeon.
You worshipped Vehumet.
Vehumet was pleased with you.
You visited 2 branches of the dungeon, and saw 10 of its levels.
You also visited: Ossuary.

You collected 477 gold pieces.

Inventory:

Hand Weapons
 s - a +1 falchion of freezing
 H - a +3 whip of venom
 K - the +8 hand axe "Loclitac" {freeze, Drain rF+ Dex+2}
   (You took it off a kobold on level 8 of the Dungeon)

   It freezes those it strikes, dealing additional cold damage.
   It can also slow down cold-blooded creatures.
   Dex:       It affects your dexterity (+2).
   rF:        It protects you from fire.
   Drain:     It drains your maximum health when unequipped.
Missiles
 a - 53 poisoned darts (quivered)
 t - 8 boomerangs
Armour
 d - a +0 leather armour (worn)
 h - a +2 pair of boots (worn)
 q - a +0 pair of gloves (worn)
 v - a +0 cloak (worn)
 J - a +0 helmet (worn)
Magical Staves
 I - a staff of conjuration (weapon)
Jewellery
 b - a ring of magical power (left hand)
 g - an amulet of magic regeneration (around neck)
 k - an amulet of reflection
 n - a ring of wizardry (right hand)
Wands
 o - a wand of iceblast (17)
Scrolls
 c - 9 scrolls of teleportation
 p - 2 scrolls of enchant weapon
 r - 2 scrolls of fear
 w - a scroll of brand weapon {unknown}
 x - 4 scrolls of identify
 y - a scroll of blinking {unknown}
 A - 2 scrolls of enchant armour {unknown}
 B - 4 scrolls of summoning {unknown}
 C - a scroll of immolation {unknown}
Potions
 e - a potion of brilliance {unknown}
 f - 3 potions of degeneration {unknown}
 i - 2 potions of might
 j - 5 potions of curing
 l - a potion of haste {unknown}
 m - 4 potions of lignification {unknown}
 u - a potion of magic {unknown}
 z - a potion of invisibility {unknown}
 D - a potion of attraction {unknown}
 E - a potion of ambrosia {unknown}
 F - a potion of heal wounds {unknown}
 G - a potion of flight {unknown}


   Skills:
 + Level 4.0 Fighting
 + Level 6.5 Dodging
 - Level 4.0 Stealth
 * Level 10.1 Spellcasting
 + Level 5.7 Conjurations
 * Level 8.9 Air Magic
 + Level 1.6 Evocations


You had 14 spell levels left.
You knew the following spells:

 Your Spells              Type           Power      Damage    Failure   Level
a - Shock                 Conj/Air       100%       1d9       1%          1
b - Static Discharge      Conj/Air       61%        N/A       1%          2
c - Swiftness             Air            51%        N/A       1%          3
d - Airstrike             Air            25%        N/A       1%          4
e - Apportation           Tloc           22%        N/A       3%          1
f - Sublimation of Blood  Necr           5%         N/A       5%          2
g - Wereblood             Tmut           11%        N/A       5%          2

Your spell library contained the following spells:

 Spells                   Type           Power      Damage    Failure   Level
 Poisonous Vapours        Pois/Air       64%        N/A       1%          2
 Animate Skeleton         Necr           22%        N/A       3%          1
 Corona                   Hex            12%        N/A       3%          1
 Summon Small Mammal      Summ           44%        N/A       3%          1
 Cause Fear               Hex            5%         N/A       32%         4
 Dragon Form              Tmut           5%         N/A       100%        7
 Summon Hydra             Summ           5%         N/A       100%        7
 Dragon's Call            Summ           5%         N/A       100%        9


Dungeon Overview and Level Annotations

Branches:
Dungeon (9/15)             Temple (1/1) D:5         Ossuary (visited)
   Lair: D:8-11         Orc: D:9-12

Altars:
Ashenzari
Cheibriados
Dithmenos
Elyvilon
Fedhas
Gozag
Hepliaklqana
Kikubaaqudgha
Makhleb
Nemelex Xobeh
Okawaru
Qazlal
Ru
Sif Muna
Trog
Uskayaw
Vehumet
Wu Jian
Xom
Yredelemnul
Zin
The Shining One

Annotations:
D:6 exclusion: gargoyle
D:8 Gastronok


Message History

You hear a bellow!
You hear a howl! x3
The bat misses you.
Casting: Airstrike (dangerous; 1% risk of failure)
Confirm with . or Enter, or press ? or * to list all spells.
Aiming: Airstrike (dangerous; 1% risk of failure)
Press: ? - help, Dir - move target, f/p - Gastronok
Aim: Gastronok, wearing a +1 hat of stealth (severely wounded, covering ground quickly, empty space bonus: 7/8)
The air twists around and strikes Gastronok!
Gastronok is almost dead.
The bat misses you. Gastronok looks at you while chanting.
You feel yourself slow down.
Aiming: Iceblast
Press: ? - help, Shift-Dir - straight line, f/p - Gastronok
Aim: Gastronok, wearing a +1 hat of stealth (almost dead, covering ground quickly) That beam is likely to hit you.
Continue anyway?
The mass of ice explodes!
The iceblast engulfs Gastronok!
Gastronok is almost dead.
The iceblast engulfs you.
You hear a howl!
You hear a bellow! x2; You hear a howl!
The bat misses you. Gastronok bites you!! The bat barely misses you.
You climb upwards.
The bat disappears in a puff of smoke!
There is a stone staircase leading down here.
Gastronok chants a spell, wobbling all the while.
Gastronok looks at you and mumbles some strange words.
You feel as though you will be slow longer.
Gastronok's eyestalks quiver as he mumbles some strange words.
You feel a sudden urge to swivel your nonexistent eyestalks around.
The river rat barely misses you.
Unknown command.
Unknown command.
Casting: Airstrike (dangerous; 1% risk of failure)
Confirm with . or Enter, or press ? or * to list all spells.
You feel quick. The river rat completely misses you. The river rat misses you.
Gastronok makes a strange noise.
Gastronok waves his eye-stalks in wide circles.
The air twists around and strikes you!!
Ouch! That really hurt!
You die...

......^...#
.#.#.####.############# .#.#.##
#.............# .#....#
#############.##########
#####.#
#..>..................##
.#....#
#.#########.....####...#
.#...## #.# #..##........)
.#...## #.# ######.>#######...#
......# #.# #.@.r.bw.........##
#.#.#.# #)####.#.##>.########.#
...#..####)##...#.....# #.##
###.#.........#####...# ###≈
#.#..(........#.....# #≈≈
#.#...##.####.#.#...#########≈≈
###.#...##.#
#..(........##..'..
.)......##.#
##..#...###....##≈≈
........##.# #.)##.## #.#####≈≈


You could see Gastronok (swift), a river rat (summoned) and a bat (summoned).

Vanquished Creatures
  Pikel (D:8)
  A wyvern (D:9)
  Menkaure (D:5)
  Duvessa (D:5)
  3 water moccasins (D:7)
  A black bear (D:6)
  An ice beast (D:5)
  An orc warrior (D:8)
  3 ogres
  3 lemures (D:8)
  3 kobold brigands
  Dowan (D:5)
  2 bullfrogs
  2 wyvern zombies
  10 scorpions (Ossuary)
  5 killer bees (D:8)
  A water moccasin skeleton (D:5)
  3 wights (D:6)
  2 howler monkeys (D:6)
  2 centaur zombies
  3 human zombies (Ossuary)
  3 orc priests
  2 hounds
  2 centaur skeletons (D:7)
  A gnoll shaman (D:6)
  3 scorpion zombies (Ossuary)
  4 orc wizards
  2 hound skeletons (D:4)
  3 mummies (Ossuary)
  5 gnolls (D:6)
  7 adders
  A shadow imp (D:7)
  An adder skeleton (D:4)
  2 worms
  3 dart slugs
  22 orcs
  5 bats
  12 endoplasms
  3 giant cockroaches
  A gnoll zombie (Ossuary)
  6 goblins
  7 hobgoblins
  9 jackals (D:2)
  4 quokkas
  13 ball pythons
  3 frilled lizards (D:1)
  A hobgoblin zombie (Ossuary)
  27 kobolds
  3 kobold zombies (Ossuary)
  2 orc zombies (Ossuary)
  A quokka zombie (D:7)
  8 rats
  A rat zombie (D:7)
217 creatures vanquished.

Notes
Turn   | Place    | Note
-------+----------+-------------------------------------------
     0 | D:1      | Nixze the Deep Elf Air Elementalist began the quest for the
                  | Orb.
     0 | D:1      | Reached XP level 1. HP: 10/10 MP: 6/6
   205 | D:1      | Reached XP level 2. HP: 15/15 MP: 4/8
   323 | D:1      | Found a faded altar of an unknown god.
   678 | D:1      | Reached XP level 3. HP: 19/19 MP: 9/9
  1496 | D:2      | Learned a level 2 spell: Static Discharge
  1500 | D:2      | Learned a level 3 spell: Swiftness
  1627 | D:2      | Reached XP level 4. HP: 24/24 MP: 10/10
  1629 | D:2      | Reached skill level 5 in Air Magic
  3295 | D:4      | Reached XP level 5. HP: 12/28 MP: 12/12
  3562 | D:4      | Noticed an ogre
  3575 | D:4      | Killed an ogre
  3576 | D:4      | Reached skill level 4 in Spellcasting
  3643 | D:4      | Reached XP level 6. HP: 33/33 MP: 14/14
  3658 | D:4      | Learned a level 4 spell: Airstrike
  3661 | D:4      | Reached skill level 1 in Fighting
  4336 | D:5      | Entered Level 5 of the Dungeon
  4337 | D:5      | Noticed Duvessa
  4337 | D:5      | Noticed Dowan
  4420 | D:5      | Killed Duvessa
  4422 | D:5      | Killed Dowan
  4423 | D:5      | Reached skill level 5 in Spellcasting
  4423 | D:5      | Reached XP level 7. HP: 38/38 MP: 4/16
  4652 | D:5      | Noticed Menkaure
  4654 | D:5      | Killed Menkaure
  4688 | D:5      | Found a bloodstained altar of Trog.
  4863 | D:5      | Found a staircase to the Ecumenical Temple.
  4874 | Temple   | Entered the Ecumenical Temple
  5220 | D:6      | Reached skill level 6 in Spellcasting
  5713 | D:6      | Found a glowing silver altar of Zin.
  5719 | D:6      | Found a radiant altar of Vehumet.
  5724 | D:6      | Found an iron altar of Okawaru.
  5874 | D:6      | Became a worshipper of Vehumet
  6027 | D:6      | Noticed a gargoyle
  6129 | D:6      | Reached XP level 8. HP: 42/44 MP: 19/19
  6912 | D:7      | Reached skill level 7 in Spellcasting
  7289 | D:7      | Found a white marble altar of Elyvilon.
  7319 | D:7      | Found a sand-covered staircase.
  7326 | Ossuary  | Entered an ossuary
  7468 | Ossuary  | Reached skill level 5 in Dodging
  7542 | Ossuary  | Reached skill level 8 in Spellcasting
  7645 | Ossuary  | Reached * piety under Vehumet
  7645 | Ossuary  | Offered knowledge of Sandblast by Vehumet.
  7743 | Ossuary  | Reached XP level 9. HP: 50/50 MP: 23/23
  8298 | D:7      | Reached skill level 5 in Conjurations
  8449 | D:7      | Reached skill level 9 in Spellcasting
  9166 | D:8      | Learned a level 1 spell: Apportation
  9169 | D:8      | Learned a level 2 spell: Sublimation of Blood
  9172 | D:8      | Learned a level 2 spell: Wereblood
  9226 | D:8      | Found an opulent altar of Gozag.
  9390 | D:8      | Offered knowledge of Poisonous Vapours by Vehumet.
  9397 | D:8      | Reached ** piety under Vehumet
  9401 | D:8      | Noticed Pikel
  9406 | D:8      | Killed Pikel
  9407 | D:8      | Reached skill level 1 in Evocations
  9543 | D:8      | Identified the +8 hand axe "Loclitac" {freeze, Drain rF+
                  | Dex+2}
  9611 | D:8      | Reached skill level 10 in Spellcasting
  9611 | D:8      | Reached XP level 10. HP: 56/56 MP: 26/26
  9713 | D:8      | Found a shimmering blue altar of Sif Muna.
  9919 | D:9      | Noticed Gastronok
  9939 | D:8      | Killed from afar by Gastronok

Illustrated notes

Levels and vault maps discovered:
D:1:      ebering_trefoil_3fold, layout_loops_ring,
          hellmonk_ecumenical_altar_leap_of_faith
D:2:      layout_basic
D:3:      layout_basic
D:4:      minmay_chambers_of_twos, layout_loops_ring
D:5:      layout_basic, mainiacjoe_overflow_surrounded_room,
          minmay_temple_entry_antechambers, uniq_duvessa, uniq_menkaure
D:6:      layout_loops_corners, minmay_overflow_temple_star_quad,
          patterned_corridor
D:7:      layout_cave_pools, elyvilon_altar_3, enter_ossuary_4
D:8:      layout_loops_ring, led_sif_pool, grunt_gozag_breadcrumbs, uniq_pikel
D:9:      layout_roguey, uniq_maurice, uniq_gastronok
Temple:   regret_index_temple_generic_petals

Skill      XL: |  1  2  3  4  5  6  7  8  9 |
---------------+----------------------------+-----
Air Magic      | 4 5 6 7 8 |  8.9
Dodging        | 3 4 5 6 |  6.5
Stealth        | 3 4 |  4.0
Spellcasting   | 4 5 6 8 10 | 10.1
Conjurations   | 2 3 4 5 |  5.7
Fighting       | 1 2 3 4 |  4.0
Evocations     | 1 |  1.6

Action                   |  1- 3 |  4- 6 |  7- 9 | 10-12 || total
-------------------------+-------+-------+-------+-------++-------
Melee: Short sword       |     3 |     1 |       |       ||     4
       Falchion          |       |       |     1 |       ||     1
Throw: Dart              |       |     3 |     1 |       ||     4
 Cast: Shock             |    85 |    98 |    85 |       ||   268
       Static Discharge  |       |    19 |    61 |       ||    80
       Airstrike         |       |    10 |    83 |    14 ||   107
       Swiftness         |       |       |       |     1 ||     1
Evoke: Wand              |       |       |       |     2 ||     2
  Use: Scroll            |       |     3 |     2 |       ||     5
Armor: Robe              |     5 |       |       |       ||     5
       Leather armour    |     3 |     4 |    40 |       ||    47
Dodge: Dodged            |    11 |     7 |    66 |    11 ||    95

Table legend: (Time is in decaauts)
 A = Elapsed time spent in this place.
 B = Non-inter-level travel time spent in this place.
 C = Inter-level travel time spent in this place.
 D = Time resting spent in this place.
 E = Time spent auto-exploring this place.
 F = Levels seen in this place.
 G = Mean time per level.
                   A        B        C        D        E       F      G
               +--------+--------+--------+--------+--------+-----+--------+
         Total |   9945 |   9553 |    392 |   1549 |   6681 |  11 |  904.1 |
       Dungeon |   8946 |   8582 |    364 |   1207 |   6214 |   9 |  994.0 |
        Temple |    205 |    177 |     28 |      0 |    166 |   1 |  205.0 |
       Ossuary |    793 |    793 |      0 |    342 |    301 |   1 |  793.0 |
               +--------+--------+--------+--------+--------+-----+--------+

Top non-repeatable levels by time:
     D:6: 2031 daAuts
     D:3: 1182 daAuts
     D:1: 1097 daAuts
     D:8: 1086 daAuts
     D:4: 1067 daAuts
     D:2: 1012 daAuts
     D:7: 816 daAuts
 Ossuary: 793 daAuts
     D:5: 634 daAuts
  Temple: 205 daAuts
     D:9: 17 daAuts
